 Dungeon Crawl Stone Soup version 0.26.1-10-gdfb7c7de75 (webtiles) character file.

Game seed: 830967475421227000

9969 roke1 the Cleaver (level 11, -2/90 HPs)
             Began as a Formicid Fighter on Apr 1, 2021.
             Was an Elder of Okawaru.
             Slain by a komodo dragon (19 damage)
             ... on level 1 of the Lair of Beasts.
             The game lasted 00:27:22 (16150 turns).

roke1 the Cleaver (Formicid Fighter)               Turns: 16150, Time: 00:27:22

Health: -2/90      AC: 14    Str: 20    XL:     11   Next: 84%
Magic:  9/11       EV: 13    Int:  9    God:    Okawaru [****..]
Gold:   209        SH: 13    Dex: 13    Spells: 10/10 levels left

rFire    . . .     SeeInvis +   a - +1 war axe (vorpal)
rCold    . . .     Faith    .   c - +0 kite shield
rNeg     + . .     Spirit   .   i - +0 chain mail
rPois    .         Reflect  .   (helmet unavailable)
rElec    .         Harm     .   v - +0 cloak
rCorr    .         Rampage  .   (no gloves)
Will     ++...                  (no boots)
Stlth    ..........             j - amulet of the acrobat
HPRegen  0.25/turn              k - ring of positive energy
MPRegen  0.12/turn              y - ring of willpower

@: heroism
A: permanent stasis, dig shafts and tunnels, four strong arms, antennae 3
a: Dig, Shaft Self, Renounce Religion, Heroism


You were on level 1 of the Lair of Beasts.
You worshipped Okawaru.
Okawaru was greatly pleased with you.
You visited 3 branches of the dungeon, and saw 13 of its levels.

You collected 584 gold pieces.
You spent 375 gold pieces at shops.

Inventory:

Hand Weapons
 a - a +1 vorpal war axe (weapon)
Armour
 c - a +0 kite shield (worn)
 i - a +0 chain mail (worn)
 v - a +0 cloak (worn)
Jewellery
 b - an uncursed ring of resist corrosion
 j - an amulet of the acrobat (around neck)
 k - a ring of positive energy (left hand)
 y - a ring of willpower (right hand)
Wands
 o - a wand of acid (19)
 s - a wand of paralysis (17)
 x - a wand of enslavement (2)
 z - a wand of disintegration (17)
 A - a wand of digging (5)
Scrolls
 f - 6 scrolls of remove curse
 n - a scroll of immolation
 q - 2 scrolls of magic mapping
 u - 2 scrolls of enchant weapon
Potions
 d - 4 potions of might
 e - a potion of lignification
 g - a potion of magic {unknown}
 h - 4 potions of resistance
 l - 2 potions of heal wounds
 m - 2 potions of brilliance {unknown}
 p - 2 potions of mutation {unknown}
 r - a potion of berserk rage {unknown}
 t - 4 potions of curing


   Skills:
 + Level 9.6(14.6) Fighting
 * Level 11.6(16.6) Axes
 + Level 7.5(12.5) Armour
 + Level 5.1(10.1) Dodging
 - Level 9.0(14.0) Shields


You had 10 spell levels left.
You didn't know any spells.
Your spell library was empty.

Dungeon Overview and Level Annotations

Branches:
Dungeon (11/15)            Temple (1/1) D:7            Lair (1/6) D:8
    Orc (0/2) D:10

Altars:
Ashenzari
Cheibriados
Dithmenos
Elyvilon
Fedhas
Gozag
Hepliaklqana
Kikubaaqudgha
Makhleb
Nemelex Xobeh
Okawaru
Qazlal
Ru
Sif Muna
Trog
Uskayaw
Vehumet
Wu Jian
Xom
Yredelemnul
Zin
The Shining One

Shops:
D:7 =

Annotations:
D:4 1 runed translucent door, Crazy Yiuf


Innate Abilities, Weirdness & Mutations

You cannot be hasted, slowed, berserked, paralysed or teleported.
You can dig through walls and to a lower floor.
Your four strong arms can wield two-handed weapons with a shield.
You have a pair of large antennae on your head. (SInv)


Message History

The komodo dragon bites you!
You gain the combat prowess of a mighty hero.
You can no longer speed up your combat.
Okawaru will no longer gift you equipment.
The komodo dragon bites you!!
* * * LOW HITPOINT WARNING * * *
You hit the komodo dragon.
The komodo dragon is lightly wounded.
You slash the komodo dragon!
The komodo dragon is heavily wounded.
The komodo dragon bites you but does no damage.
You slash the komodo dragon!
The komodo dragon is severely wounded.
You block the komodo dragon's attack.
You slash the komodo dragon!
The komodo dragon is almost dead.
You closely miss the komodo dragon.
The komodo dragon is almost dead.
The komodo dragon bites you!!
You die...

##...#..## ##........
###...###l.## #........
##...#P# ##..# #........
##...#### ##.## #........
##...## #..###FF...... ###...##
#####....#.FF...## ##....##
#.#P...#.....#### ####....##
##....#####....### #.#...###
####@...## ####.... ##...##
#PP..l### ####.. ....##
##....## .#...... #...##
##....##########.....>. ###..##
###..........##..........
##..###...........###..........
##............................
###..........................
#รท#..........##.#..........


You could see a komodo dragon.

Vanquished Creatures
  An unseen horror (D:10)
  Pikel (D:6)
  Joseph (D:9)
  Psyche (D:9)
  A cane toad (Lair:1)
  A komodo dragon (Lair:1)
  2 wyverns
  Sigmund (D:2)
  17 yaks
  A basilisk (Lair:1)
  A warg (D:9)
  Menkaure (D:5)
  3 phantoms
  An ice beast (D:10)
  4 sky beasts
  4 orc warriors
  A hornet zombie (D:8)
  A black bear (Lair:1)
  4 centaurs
  2 ogres
  A lemure (D:5)
  A big kobold (D:10)
  4 bullfrogs
  A gnoll sergeant (D:9)
  2 wyvern zombies (D:6)
  4 scorpions
  6 killer bees
  2 howler monkeys
  A bullfrog zombie (D:5)
  A bullfrog skeleton (D:10)
  5 hounds
  9 orc wizards
  4 orc priests
  7 jellies
  Jessica (D:2)
  2 centaur skeletons
  Terence (D:2)
  2 iguanas
  Natasha (twice) (D:1)
  6 worker ants
  A worker ant zombie (D:9)
  Robin (D:2)
  12 adders
  3 gnolls (D:9)
  A white imp (D:6)
  An ufetubus (D:8)
  5 oozes (D:10)
  2 adder skeletons
  A worm (D:2)
  A dart slug (D:2)
  7 leopard geckos
  22 orcs
  A giant cockroach (D:2)
  16 goblins
  9 hobgoblins
  21 jackals
  9 kobolds
  4 quokkas
  A ball python (D:2)
  7 bats
  6 frilled lizards
  A leopard gecko skeleton (D:5)
  6 rats
249 creatures vanquished.

Vanquished Creatures (others)
  A wizard (D:4)
1 creature vanquished.

Grand Total: 250 creatures vanquished

Notes
Turn   | Place    | Note
-------+----------+-------------------------------------------
     0 | D:1      | roke1 the Formicid Fighter began the quest for the Orb.
     0 | D:1      | Reached XP level 1. HP: 18/18 MP: 1/1
   150 | D:1      | Reached XP level 2. HP: 24/24 MP: 2/2
  1091 | D:2      | Found an ornate altar of the Wu Jian Council.
  1091 | D:2      | Noticed Natasha
  1091 | D:2      | Noticed Sigmund
  1104 | D:1      | Killed Natasha
  1105 | D:1      | Reached XP level 3. HP: 8/30 MP: 3/3
  1136 | D:1      | Noticed Natasha
  1145 | D:1      | Killed Natasha
  1146 | D:1      | Reached XP level 4. HP: 11/37 MP: 4/4
  1905 | D:3      | Found a faded altar of an unknown god.
  1951 | D:3      | Reached XP level 5. HP: 36/42 MP: 5/5
  2072 | D:3      | Found a white marble altar of Elyvilon.
  2167 | D:3      | Found a basalt altar of Yredelemnul.
  2214 | D:3      | Found a stormy altar of Qazlal.
  2216 | D:3      | Noticed a fire elemental
  2216 | D:3      | Noticed an air elemental
  2222 | D:3      | Reached skill level 3 in Axes
  2343 | D:3      | Noticed a water elemental
  2701 | D:2      | You fall into a shaft and drop 2 floors!
  3159 | D:4      | Reached skill level 5 in Shields
  3194 | D:4      | Found a bloodstained altar of Trog.
  3215 | D:4      | Reached XP level 6. HP: 49/49 MP: 6/6
  3417 | D:4      | Reached skill level 4 in Axes
  3980 | D:4      | Reached XP level 7. HP: 50/55 MP: 7/7
  4119 | D:4      | Noticed a wizard
  4122 | D:4      | Killed a wizard
  4195 | D:4      | Found a runed translucent door.
  4196 | D:4      | Noticed Crazy Yiuf
  4396 | D:2      | Noticed Robin
  4409 | D:2      | Killed Robin
  4545 | D:2      | Noticed Terence
  4559 | D:2      | Killed Terence
  4831 | D:2      | Killed Sigmund
  4832 | D:2      | Reached skill level 5 in Fighting
  5021 | D:2      | Noticed Jessica
  5029 | D:2      | Killed Jessica
  5030 | D:2      | Reached skill level 5 in Axes
  5299 | D:5      | Entered Level 5 of the Dungeon
  5461 | D:5      | Reached XP level 8. HP: 32/62 MP: 8/8
  6678 | D:5      | Noticed Menkaure
  6682 | D:5      | Killed Menkaure
  6683 | D:5      | Reached skill level 6 in Axes
  6834 | D:5      | Found an opulent altar of Gozag.
  6834 | D:5      | Found a sparkling altar of Nemelex Xobeh.
  7667 | D:6      | Reached XP level 9. HP: 66/69 MP: 9/9
  7935 | D:6      | Noticed Pikel
  7950 | D:6      | Killed Pikel
  7951 | D:6      | Reached skill level 7 in Axes
  8543 | D:6      | Reached skill level 8 in Axes
  9036 | D:6      | Found a glowing golden altar of the Shining One.
  9039 | D:6      | Found an ancient bone altar of Kikubaaqudgha.
  9908 | D:7      | Found a staircase to the Ecumenical Temple.
 10004 | D:7      | Found Ogigul Huuff's Jewellery Boutique.
 10308 | D:7      | Reached skill level 1 in Dodging
 10546 | Temple   | Entered the Ecumenical Temple
 10604 | Temple   | Became a worshipper of Warmaster Okawaru
 10680 | D:8      | Reached XP level 10. HP: 53/79 MP: 10/10
 10959 | D:8      | Reached skill level 9 in Axes
 11315 | D:8      | Found a staircase to the Lair.
 11740 | D:8      | Reached skill level 5 in Armour
 11881 | D:8      | Reached * piety under Okawaru
 12621 | D:9      | Reached ** piety under Okawaru
 12710 | D:9      | Reached skill level 10 in Axes
 12760 | D:9      | Noticed Psyche
 12783 | D:9      | Killed Psyche
 12856 | D:7      | Bought an uncursed ring of willpower for 375 gold pieces
 13214 | D:9      | Noticed Joseph
 13234 | D:9      | Killed Joseph
 13331 | D:9      | Reached XP level 11. HP: 80/87 MP: 11/11
 13350 | D:9      | Reached *** piety under Okawaru
 13624 | D:10     | Entered Level 10 of the Dungeon
 14441 | D:10     | Found a staircase to the Orcish Mines.
 14531 | D:10     | Noticed an unseen horror
 14560 | D:10     | Killed an unseen horror
 14561 | D:10     | Reached skill level 11 in Axes
 14741 | D:10     | Reached **** piety under Okawaru
 15368 | D:11     | Noticed a purple ugly thing
 15425 | Lair:1   | Entered Level 1 of the Lair of Beasts
 15790 | Lair:1   | Reached skill level 5 in Dodging
 15797 | Lair:1   | Received a gift from Okawaru
 15797 | Lair:1   | Reached ***** piety under Okawaru
 16150 | Lair:1   | Slain by a komodo dragon

Illustrated notes

Levels and vault maps discovered:
D:1:      amcnicky_arrival_abandoned_market, layout_basic
D:2:      layout_basic, pdpol_wu_jian_five_deadly_venoms, uniq_natasha,
          uniq_sigmund, uniq_robin, uniq_terence, uniq_jessica
D:3:      layout_loops_ring, nicolae_qazlal_style_of_elements,
          kennysheep_ying_yang, chequers_ecumenical_altar_twisty
D:4:      layout_cave_pods, trog_wizard, uniq_crazy_yiuf_cottage
D:5:      layout_loops_ring, grunt_temple_overflow_opulence, uniq_menkaure
D:6:      layout_basic, nicolae_overflow_hidden_temple, uniq_pikel
D:7:      layout_layer_cave, minmay_temple_entry_antechambers, serial_shops,
          shop
D:8:      layout_basic, lair_entry_dummy, serial_corexii_hall,
          corexii_hall_statues_u, corexii_hall_statues_i
D:9:      layout_roguey, uniq_joseph, uniq_psyche
D:10:     layout_small_grid, david_orc_3, hangedman_little_slice_of_home
D:11:     cheibrodos_frozen_isle, layout_long_grid, uniq_sonja
Temple:   eino_temple_lava
Lair:1:   layout_cave_pods

Skill      XL: |  1  2  3  4  5  6  7  8  9 10 11 |
---------------+----------------------------------+-----
Shields        | 4 5 6 7 8 9 |  9.0
Fighting       | 4 5 6 7 8 9 |  9.6
Armour         | 4 6 7 |  7.5
Axes           | 3 4 5 6 8 10 11 | 11.6
Dodging        | 1 3 5 |  5.1

Action                   |  1- 3 |  4- 6 |  7- 9 | 10-12 || total
-------------------------+-------+-------+-------+-------++-------
Melee: War axe           |    59 |   162 |   394 |   488 ||  1103
Invok: Heroism           |       |       |       |     2 ||     2
 Abil: Dig               |       |       |       |     1 ||     1
  Use: Scroll            |       |     3 |     7 |     3 ||    13
Armor: Scale mail        |    23 |    27 |       |       ||    50
       Chain mail        |       |    29 |   148 |   100 ||   277
Dodge: Dodged            |    23 |    50 |   123 |   171 ||   367
Block: Kite shield       |    23 |    85 |   223 |   284 ||   615
